AoeStats
← CHRIS

Hideout

508035187Analyzed
1v1 RM · 12d ago on Sep 20, 2026· 22m 38s· 2 players
Game mode
Random Map
Map size
Tiny (2 player)
Population
200
Speed
Normal
Resources
Standard
Victory
Conquest
Starting age
Dark Age
Ending age
Imperial Age
RankedLock teamsTeams togetherTeam positionsShared explorationLock speedFull tech treeHidden civsTurbo modeCheats
Victory
Defeat
🇺🇸 Inca · United States
1251
+17
🇺🇸 Spanish · United States
1265
-17
CHRIS
7:03 Loom
9:17 Feudal Age
10:36 Champi Runner
12:11 Gold Mining
12:34 Horse Collar
15:03 Double-Bit Axe
20:49 Castle Age
21:17 Crossbowman
22:31 Fletching
22:41 Padded Archer Armor
Kijuan13
10:00 Loom
11:46 Feudal Age
12:34 Horse Collar
12:40 Double-Bit Axe
16:11 Castle Age
13:42 Man-at-Arms
15:22 Gold Mining
16:46 Forging
16:21 Long Swordsman
17:25 Scale Mail Armor
18:44 Iron Casting
18:47 Squires
18:35 Arson
19:40 Chain Mail Armor
19:51 Gambesons
Connection lost

Rejoining the realm…

Still unreachable

The connection could not be restored.

Session expired

The server has moved on; the page needs a fresh start.